%YAML 1.1
%TAG !u! tag:unity3d.com,2011:
--- !u!1 &2931694881220643112
GameObject:
  m_ObjectHideFlags: 0
  m_CorrespondingSourceObject: {fileID: 0}
  m_PrefabInstance: {fileID: 0}
  m_PrefabAsset: {fileID: 0}
  serializedVersion: 6
  m_Component:
  - component: {fileID: 2931694881220643026}
  - component: {fileID: 2931694881220643029}
  - component: {fileID: 2931694881220643028}
  - component: {fileID: 2931694881220643031}
  - component: {fileID: 2931694881220643030}
  - component: {fileID: 2931694881220643113}
  m_Layer: 0
  m_Name: Enemy_3_Proto
  m_TagString: Untagged
  m_Icon: {fileID: 0}
  m_NavMeshLayer: 0
  m_StaticEditorFlags: 0
  m_IsActive: 1
--- !u!4 &2931694881220643026
Transform:
  m_ObjectHideFlags: 0
  m_CorrespondingSourceObject: {fileID: 0}
  m_PrefabInstance: {fileID: 0}
  m_PrefabAsset: {fileID: 0}
  m_GameObject: {fileID: 2931694881220643112}
  m_LocalRotation: {x: -0, y: -0, z: -0, w: 1}
  m_LocalPosition: {x: 31.289995, y: 0, z: 2.7299964}
  m_LocalScale: {x: 1, y: 1, z: 1}
  m_Children:
  - {fileID: 2931694881348902209}
  m_Father: {fileID: 0}
  m_RootOrder: 0
  m_LocalEulerAnglesHint: {x: 0, y: 0, z: 0}
--- !u!114 &2931694881220643029
MonoBehaviour:
  m_ObjectHideFlags: 0
  m_CorrespondingSourceObject: {fileID: 0}
  m_PrefabInstance: {fileID: 0}
  m_PrefabAsset: {fileID: 0}
  m_GameObject: {fileID: 2931694881220643112}
  m_Enabled: 1
  m_EditorHideFlags: 0
  m_Script: {fileID: 11500000, guid: 512ca329830f9455d993e8468b24324b, type: 3}
  m_Name: 
  m_EditorClassIdentifier: 
  absoluteFilePath: 
  relativeFilePath: 
  pivot: 2
  autoGenerated: 1
  importSettings:
    keys: 
    values: []
--- !u!114 &2931694881220643028
MonoBehaviour:
  m_ObjectHideFlags: 10
  m_CorrespondingSourceObject: {fileID: 0}
  m_PrefabInstance: {fileID: 0}
  m_PrefabAsset: {fileID: 0}
  m_GameObject: {fileID: 2931694881220643112}
  m_Enabled: 1
  m_EditorHideFlags: 0
  m_Script: {fileID: 11500000, guid: 4e61355f62eba4e7d9ac7f403329143b, type: 3}
  m_Name: 
  m_EditorClassIdentifier: 
--- !u!114 &2931694881220643031
MonoBehaviour:
  m_ObjectHideFlags: 10
  m_CorrespondingSourceObject: {fileID: 0}
  m_PrefabInstance: {fileID: 0}
  m_PrefabAsset: {fileID: 0}
  m_GameObject: {fileID: 2931694881220643112}
  m_Enabled: 1
  m_EditorHideFlags: 0
  m_Script: {fileID: 11500000, guid: 7f42fcb47871d4701b3266f1898889f1, type: 3}
  m_Name: 
  m_EditorClassIdentifier: 
--- !u!114 &2931694881220643030
MonoBehaviour:
  m_ObjectHideFlags: 10
  m_CorrespondingSourceObject: {fileID: 0}
  m_PrefabInstance: {fileID: 0}
  m_PrefabAsset: {fileID: 0}
  m_GameObject: {fileID: 2931694881220643112}
  m_Enabled: 1
  m_EditorHideFlags: 0
  m_Script: {fileID: 11500000, guid: 1866bcbd8c2a24af1a150aeee9b24e17, type: 3}
  m_Name: 
  m_EditorClassIdentifier: 
--- !u!114 &2931694881220643113
MonoBehaviour:
  m_ObjectHideFlags: 8
  m_CorrespondingSourceObject: {fileID: 0}
  m_PrefabInstance: {fileID: 0}
  m_PrefabAsset: {fileID: 0}
  m_GameObject: {fileID: 2931694881220643112}
  m_Enabled: 1
  m_EditorHideFlags: 0
  m_Script: {fileID: 11500000, guid: 6c7ddecad95f24096842f8b8c7397553, type: 3}
  m_Name: 
  m_EditorClassIdentifier: 
  onlyActiveGameObject: 0
  hideChildren: 0
--- !u!1 &2931694881348902208
GameObject:
  m_ObjectHideFlags: 0
  m_CorrespondingSourceObject: {fileID: 0}
  m_PrefabInstance: {fileID: 0}
  m_PrefabAsset: {fileID: 0}
  serializedVersion: 6
  m_Component:
  - component: {fileID: 2931694881348902209}
  - component: {fileID: 2931694881348902221}
  - component: {fileID: 2931694881348902220}
  - component: {fileID: 2931694881348902223}
  - component: {fileID: 2931694881348902222}
  m_Layer: 0
  m_Name: Move
  m_TagString: Untagged
  m_Icon: {fileID: 0}
  m_NavMeshLayer: 0
  m_StaticEditorFlags: 0
  m_IsActive: 1
--- !u!4 &2931694881348902209
Transform:
  m_ObjectHideFlags: 0
  m_CorrespondingSourceObject: {fileID: 0}
  m_PrefabInstance: {fileID: 0}
  m_PrefabAsset: {fileID: 0}
  m_GameObject: {fileID: 2931694881348902208}
  m_LocalRotation: {x: -0, y: -0, z: -0, w: 1}
  m_LocalPosition: {x: 0, y: 0, z: 0}
  m_LocalScale: {x: 1, y: 1, z: 1}
  m_Children:
  - {fileID: 2686823336651614731}
  - {fileID: 2686823336276980958}
  - {fileID: 2686823337064482173}
  m_Father: {fileID: 2931694881220643026}
  m_RootOrder: 0
  m_LocalEulerAnglesHint: {x: 0, y: 0, z: 0}
--- !u!114 &2931694881348902221
MonoBehaviour:
  m_ObjectHideFlags: 0
  m_CorrespondingSourceObject: {fileID: 0}
  m_PrefabInstance: {fileID: 0}
  m_PrefabAsset: {fileID: 0}
  m_GameObject: {fileID: 2931694881348902208}
  m_Enabled: 1
  m_EditorHideFlags: 0
  m_Script: {fileID: 11500000, guid: b5b415de9143b43089f4e82527ef7bae, type: 3}
  m_Name: 
  m_EditorClassIdentifier: 
  groupName: Move
  parentName: 
  number: 0
  importSettings:
    colliders: 1
    connectivity: 1
    isStatic: 0
    lightmapped: 0
    randomizeRotation: 1
    preferLegacy: 0
    lod: 0
  optimizations: -1
  randomizeNormals: 0
  processed: 0
  absoluteFilePath: 
  relativeFilePath: 
  autoGenerated: 1
  views: []
--- !u!114 &2931694881348902220
MonoBehaviour:
  m_ObjectHideFlags: 10
  m_CorrespondingSourceObject: {fileID: 0}
  m_PrefabInstance: {fileID: 0}
  m_PrefabAsset: {fileID: 0}
  m_GameObject: {fileID: 2931694881348902208}
  m_Enabled: 1
  m_EditorHideFlags: 0
  m_Script: {fileID: 11500000, guid: 7f42fcb47871d4701b3266f1898889f1, type: 3}
  m_Name: 
  m_EditorClassIdentifier: 
--- !u!114 &2931694881348902223
MonoBehaviour:
  m_ObjectHideFlags: 10
  m_CorrespondingSourceObject: {fileID: 0}
  m_PrefabInstance: {fileID: 0}
  m_PrefabAsset: {fileID: 0}
  m_GameObject: {fileID: 2931694881348902208}
  m_Enabled: 1
  m_EditorHideFlags: 0
  m_Script: {fileID: 11500000, guid: 1866bcbd8c2a24af1a150aeee9b24e17, type: 3}
  m_Name: 
  m_EditorClassIdentifier: 
--- !u!114 &2931694881348902222
MonoBehaviour:
  m_ObjectHideFlags: 8
  m_CorrespondingSourceObject: {fileID: 0}
  m_PrefabInstance: {fileID: 0}
  m_PrefabAsset: {fileID: 0}
  m_GameObject: {fileID: 2931694881348902208}
  m_Enabled: 1
  m_EditorHideFlags: 0
  m_Script: {fileID: 11500000, guid: 6076960a4ddd54b0996d52f1bfdcc6fa, type: 3}
  m_Name: 
  m_EditorClassIdentifier: 
  onlyActiveGameObject: 1
  hideChildren: 0
--- !u!1001 &2931694881541054144
PrefabInstance:
  m_ObjectHideFlags: 0
  serializedVersion: 2
  m_Modification:
    m_TransformParent: {fileID: 2931694881348902209}
    m_Modifications:
    - target: {fileID: 1001764359956896701, guid: 5073354b3112c48619a5a0a18f938ee7,
        type: 3}
      propertyPath: m_LocalPosition.x
      value: 0.40000343
      objectReference: {fileID: 0}
    - target: {fileID: 1001764359956896701, guid: 5073354b3112c48619a5a0a18f938ee7,
        type: 3}
      propertyPath: m_LocalPosition.y
      value: 0.9599999
      objectReference: {fileID: 0}
    - target: {fileID: 1001764359956896701, guid: 5073354b3112c48619a5a0a18f938ee7,
        type: 3}
      propertyPath: m_LocalPosition.z
      value: 0.39999723
      objectReference: {fileID: 0}
    - target: {fileID: 1001764359956896701, guid: 5073354b3112c48619a5a0a18f938ee7,
        type: 3}
      propertyPath: m_LocalRotation.x
      value: -0
      objectReference: {fileID: 0}
    - target: {fileID: 1001764359956896701, guid: 5073354b3112c48619a5a0a18f938ee7,
        type: 3}
      propertyPath: m_LocalRotation.y
      value: -0.7071068
      objectReference: {fileID: 0}
    - target: {fileID: 1001764359956896701, guid: 5073354b3112c48619a5a0a18f938ee7,
        type: 3}
      propertyPath: m_LocalRotation.z
      value: -0
      objectReference: {fileID: 0}
    - target: {fileID: 1001764359956896701, guid: 5073354b3112c48619a5a0a18f938ee7,
        type: 3}
      propertyPath: m_LocalRotation.w
      value: 0.7071068
      objectReference: {fileID: 0}
    - target: {fileID: 1001764359956896701, guid: 5073354b3112c48619a5a0a18f938ee7,
        type: 3}
      propertyPath: m_RootOrder
      value: 2
      objectReference: {fileID: 0}
    - target: {fileID: 1001764359956896701, guid: 5073354b3112c48619a5a0a18f938ee7,
        type: 3}
      propertyPath: m_LocalEulerAnglesHint.x
      value: 0
      objectReference: {fileID: 0}
    - target: {fileID: 1001764359956896701, guid: 5073354b3112c48619a5a0a18f938ee7,
        type: 3}
      propertyPath: m_LocalEulerAnglesHint.y
      value: 0
      objectReference: {fileID: 0}
    - target: {fileID: 1001764359956896701, guid: 5073354b3112c48619a5a0a18f938ee7,
        type: 3}
      propertyPath: m_LocalEulerAnglesHint.z
      value: 0
      objectReference: {fileID: 0}
    - target: {fileID: 1771745324317540226, guid: 5073354b3112c48619a5a0a18f938ee7,
        type: 3}
      propertyPath: m_LocalPosition.x
      value: 0.39999962
      objectReference: {fileID: 0}
    - target: {fileID: 1771745324317540226, guid: 5073354b3112c48619a5a0a18f938ee7,
        type: 3}
      propertyPath: m_LocalPosition.y
      value: 1.7347235e-17
      objectReference: {fileID: 0}
    - target: {fileID: 3839581467330664073, guid: 5073354b3112c48619a5a0a18f938ee7,
        type: 3}
      propertyPath: connected.Array.size
      value: 2
      objectReference: {fileID: 0}
    - target: {fileID: 3839581467330664073, guid: 5073354b3112c48619a5a0a18f938ee7,
        type: 3}
      propertyPath: connected.Array.data[0]
      value: 18
      objectReference: {fileID: 0}
    - target: {fileID: 3839581467330664073, guid: 5073354b3112c48619a5a0a18f938ee7,
        type: 3}
      propertyPath: connectedTo.Array.data[18].field
      value: 
      objectReference: {fileID: 5294726458216001650}
    - target: {fileID: 3839581467330664073, guid: 5073354b3112c48619a5a0a18f938ee7,
        type: 3}
      propertyPath: connectedTo.Array.data[18].indexOfConnection
      value: 8
      objectReference: {fileID: 0}
    - target: {fileID: 3839581467330664073, guid: 5073354b3112c48619a5a0a18f938ee7,
        type: 3}
      propertyPath: connected.Array.data[1]
      value: 16
      objectReference: {fileID: 0}
    - target: {fileID: 3839581467330664073, guid: 5073354b3112c48619a5a0a18f938ee7,
        type: 3}
      propertyPath: connectedTo.Array.data[16].field
      value: 
      objectReference: {fileID: 5294726458216001650}
    - target: {fileID: 3839581467330664073, guid: 5073354b3112c48619a5a0a18f938ee7,
        type: 3}
      propertyPath: connectedTo.Array.data[16].indexOfConnection
      value: 6
      objectReference: {fileID: 0}
    - target: {fileID: 4067085955124950500, guid: 5073354b3112c48619a5a0a18f938ee7,
        type: 3}
      propertyPath: m_Distance
      value: 25
      objectReference: {fileID: 0}
    - target: {fileID: 4067085955124950500, guid: 5073354b3112c48619a5a0a18f938ee7,
        type: 3}
      propertyPath: m_Repeat
      value: 0
      objectReference: {fileID: 0}
    - target: {fileID: 5952549877573738461, guid: 5073354b3112c48619a5a0a18f938ee7,
        type: 3}
      propertyPath: m_Name
      value: Nearby Trigger
      objectReference: {fileID: 0}
    - target: {fileID: 8446722218965789786, guid: 5073354b3112c48619a5a0a18f938ee7,
        type: 3}
      propertyPath: m_LocalPosition.x
      value: 0.39999962
      objectReference: {fileID: 0}
    m_RemovedComponents: []
  m_SourcePrefab: {fileID: 100100000, guid: 5073354b3112c48619a5a0a18f938ee7, type: 3}
--- !u!4 &2686823337064482173 stripped
Transform:
  m_CorrespondingSourceObject: {fileID: 1001764359956896701, guid: 5073354b3112c48619a5a0a18f938ee7,
    type: 3}
  m_PrefabInstance: {fileID: 2931694881541054144}
  m_PrefabAsset: {fileID: 0}
--- !u!114 &2154858030116571209 stripped
MonoBehaviour:
  m_CorrespondingSourceObject: {fileID: 3839581467330664073, guid: 5073354b3112c48619a5a0a18f938ee7,
    type: 3}
  m_PrefabInstance: {fileID: 2931694881541054144}
  m_PrefabAsset: {fileID: 0}
  m_GameObject: {fileID: 0}
  m_Enabled: 1
  m_EditorHideFlags: 0
  m_Script: {fileID: 11500000, guid: 616267e32080e4b8dac3ff19dbc8c958, type: 3}
  m_Name: 
  m_EditorClassIdentifier: 
--- !u!1001 &2931694882222895542
PrefabInstance:
  m_ObjectHideFlags: 0
  serializedVersion: 2
  m_Modification:
    m_TransformParent: {fileID: 2931694881348902209}
    m_Modifications:
    - target: {fileID: 1001764359956896701, guid: 5f90c7d3098fc4659b7fc9bb45df5fa7,
        type: 3}
      propertyPath: m_LocalPosition.x
      value: -0.3999958
      objectReference: {fileID: 0}
    - target: {fileID: 1001764359956896701, guid: 5f90c7d3098fc4659b7fc9bb45df5fa7,
        type: 3}
      propertyPath: m_LocalPosition.y
      value: 0
      objectReference: {fileID: 0}
    - target: {fileID: 1001764359956896701, guid: 5f90c7d3098fc4659b7fc9bb45df5fa7,
        type: 3}
      propertyPath: m_LocalPosition.z
      value: 0.39999533
      objectReference: {fileID: 0}
    - target: {fileID: 1001764359956896701, guid: 5f90c7d3098fc4659b7fc9bb45df5fa7,
        type: 3}
      propertyPath: m_LocalRotation.x
      value: -0
      objectReference: {fileID: 0}
    - target: {fileID: 1001764359956896701, guid: 5f90c7d3098fc4659b7fc9bb45df5fa7,
        type: 3}
      propertyPath: m_LocalRotation.y
      value: -0.7071068
      objectReference: {fileID: 0}
    - target: {fileID: 1001764359956896701, guid: 5f90c7d3098fc4659b7fc9bb45df5fa7,
        type: 3}
      propertyPath: m_LocalRotation.z
      value: -0
      objectReference: {fileID: 0}
    - target: {fileID: 1001764359956896701, guid: 5f90c7d3098fc4659b7fc9bb45df5fa7,
        type: 3}
      propertyPath: m_LocalRotation.w
      value: 0.7071068
      objectReference: {fileID: 0}
    - target: {fileID: 1001764359956896701, guid: 5f90c7d3098fc4659b7fc9bb45df5fa7,
        type: 3}
      propertyPath: m_RootOrder
      value: 0
      objectReference: {fileID: 0}
    - target: {fileID: 1001764359956896701, guid: 5f90c7d3098fc4659b7fc9bb45df5fa7,
        type: 3}
      propertyPath: m_LocalEulerAnglesHint.x
      value: 0
      objectReference: {fileID: 0}
    - target: {fileID: 1001764359956896701, guid: 5f90c7d3098fc4659b7fc9bb45df5fa7,
        type: 3}
      propertyPath: m_LocalEulerAnglesHint.y
      value: 0
      objectReference: {fileID: 0}
    - target: {fileID: 1001764359956896701, guid: 5f90c7d3098fc4659b7fc9bb45df5fa7,
        type: 3}
      propertyPath: m_LocalEulerAnglesHint.z
      value: 0
      objectReference: {fileID: 0}
    - target: {fileID: 3453244826810790980, guid: 5f90c7d3098fc4659b7fc9bb45df5fa7,
        type: 3}
      propertyPath: m_Distance
      value: 60
      objectReference: {fileID: 0}
    - target: {fileID: 3453244826810790980, guid: 5f90c7d3098fc4659b7fc9bb45df5fa7,
        type: 3}
      propertyPath: m_Collide
      value: 0
      objectReference: {fileID: 0}
    - target: {fileID: 3453244826810790980, guid: 5f90c7d3098fc4659b7fc9bb45df5fa7,
        type: 3}
      propertyPath: m_Repeat
      value: 0
      objectReference: {fileID: 0}
    - target: {fileID: 3453244826810790980, guid: 5f90c7d3098fc4659b7fc9bb45df5fa7,
        type: 3}
      propertyPath: m_Audio
      value: 
      objectReference: {fileID: 8300000, guid: daad892fb614e400490b79a8edb12282, type: 3}
    - target: {fileID: 3453244826810790980, guid: 5f90c7d3098fc4659b7fc9bb45df5fa7,
        type: 3}
      propertyPath: m_Time
      value: 1.5
      objectReference: {fileID: 0}
    - target: {fileID: 3560168150853749624, guid: 5f90c7d3098fc4659b7fc9bb45df5fa7,
        type: 3}
      propertyPath: m_IsActive
      value: 0
      objectReference: {fileID: 0}
    - target: {fileID: 3611602803532673752, guid: 5f90c7d3098fc4659b7fc9bb45df5fa7,
        type: 3}
      propertyPath: m_IsActive
      value: 0
      objectReference: {fileID: 0}
    - target: {fileID: 3652755939576042158, guid: 5f90c7d3098fc4659b7fc9bb45df5fa7,
        type: 3}
      propertyPath: m_IsActive
      value: 0
      objectReference: {fileID: 0}
    - target: {fileID: 5420777645310162659, guid: 5f90c7d3098fc4659b7fc9bb45df5fa7,
        type: 3}
      propertyPath: m_IsActive
      value: 0
      objectReference: {fileID: 0}
    - target: {fileID: 5952549877573738461, guid: 5f90c7d3098fc4659b7fc9bb45df5fa7,
        type: 3}
      propertyPath: m_Name
      value: Move
      objectReference: {fileID: 0}
    - target: {fileID: 7049784193159152068, guid: 5f90c7d3098fc4659b7fc9bb45df5fa7,
        type: 3}
      propertyPath: connected.Array.size
      value: 4
      objectReference: {fileID: 0}
    - target: {fileID: 7049784193159152068, guid: 5f90c7d3098fc4659b7fc9bb45df5fa7,
        type: 3}
      propertyPath: connected.Array.data[0]
      value: 18
      objectReference: {fileID: 0}
    - target: {fileID: 7049784193159152068, guid: 5f90c7d3098fc4659b7fc9bb45df5fa7,
        type: 3}
      propertyPath: connectedTo.Array.data[8].field
      value: 
      objectReference: {fileID: 2154858030116571209}
    - target: {fileID: 7049784193159152068, guid: 5f90c7d3098fc4659b7fc9bb45df5fa7,
        type: 3}
      propertyPath: connectedTo.Array.data[8].indexOfConnection
      value: 18
      objectReference: {fileID: 0}
    - target: {fileID: 7049784193159152068, guid: 5f90c7d3098fc4659b7fc9bb45df5fa7,
        type: 3}
      propertyPath: connected.Array.data[1]
      value: 16
      objectReference: {fileID: 0}
    - target: {fileID: 7049784193159152068, guid: 5f90c7d3098fc4659b7fc9bb45df5fa7,
        type: 3}
      propertyPath: connectedTo.Array.data[6].field
      value: 
      objectReference: {fileID: 2154858030116571209}
    - target: {fileID: 7049784193159152068, guid: 5f90c7d3098fc4659b7fc9bb45df5fa7,
        type: 3}
      propertyPath: connectedTo.Array.data[6].indexOfConnection
      value: 16
      objectReference: {fileID: 0}
    - target: {fileID: 7049784193159152068, guid: 5f90c7d3098fc4659b7fc9bb45df5fa7,
        type: 3}
      propertyPath: connectedTo.Array.data[18].field
      value: 
      objectReference: {fileID: 3262629642525287781}
    - target: {fileID: 7049784193159152068, guid: 5f90c7d3098fc4659b7fc9bb45df5fa7,
        type: 3}
      propertyPath: connectedTo.Array.data[18].indexOfConnection
      value: 8
      objectReference: {fileID: 0}
    - target: {fileID: 7049784193159152068, guid: 5f90c7d3098fc4659b7fc9bb45df5fa7,
        type: 3}
      propertyPath: connectedTo.Array.data[16].field
      value: 
      objectReference: {fileID: 3262629642525287781}
    - target: {fileID: 7049784193159152068, guid: 5f90c7d3098fc4659b7fc9bb45df5fa7,
        type: 3}
      propertyPath: connectedTo.Array.data[16].indexOfConnection
      value: 6
      objectReference: {fileID: 0}
    - target: {fileID: 7049784193159152068, guid: 5f90c7d3098fc4659b7fc9bb45df5fa7,
        type: 3}
      propertyPath: connected.Array.data[2]
      value: 8
      objectReference: {fileID: 0}
    - target: {fileID: 7049784193159152068, guid: 5f90c7d3098fc4659b7fc9bb45df5fa7,
        type: 3}
      propertyPath: connected.Array.data[3]
      value: 6
      objectReference: {fileID: 0}
    m_RemovedComponents: []
  m_SourcePrefab: {fileID: 100100000, guid: 5f90c7d3098fc4659b7fc9bb45df5fa7, type: 3}
--- !u!4 &2686823336651614731 stripped
Transform:
  m_CorrespondingSourceObject: {fileID: 1001764359956896701, guid: 5f90c7d3098fc4659b7fc9bb45df5fa7,
    type: 3}
  m_PrefabInstance: {fileID: 2931694882222895542}
  m_PrefabAsset: {fileID: 0}
--- !u!114 &5294726458216001650 stripped
MonoBehaviour:
  m_CorrespondingSourceObject: {fileID: 7049784193159152068, guid: 5f90c7d3098fc4659b7fc9bb45df5fa7,
    type: 3}
  m_PrefabInstance: {fileID: 2931694882222895542}
  m_PrefabAsset: {fileID: 0}
  m_GameObject: {fileID: 0}
  m_Enabled: 1
  m_EditorHideFlags: 0
  m_Script: {fileID: 11500000, guid: 616267e32080e4b8dac3ff19dbc8c958, type: 3}
  m_Name: 
  m_EditorClassIdentifier: 
--- !u!1001 &2931694882326343523
PrefabInstance:
  m_ObjectHideFlags: 0
  serializedVersion: 2
  m_Modification:
    m_TransformParent: {fileID: 2931694881348902209}
    m_Modifications:
    - target: {fileID: 425670059206461958, guid: 569d6da3692aa4c52814451a313b2732,
        type: 3}
      propertyPath: connected.Array.size
      value: 2
      objectReference: {fileID: 0}
    - target: {fileID: 425670059206461958, guid: 569d6da3692aa4c52814451a313b2732,
        type: 3}
      propertyPath: connected.Array.data[0]
      value: 8
      objectReference: {fileID: 0}
    - target: {fileID: 425670059206461958, guid: 569d6da3692aa4c52814451a313b2732,
        type: 3}
      propertyPath: connectedTo.Array.data[18].field
      value: 
      objectReference: {fileID: 0}
    - target: {fileID: 425670059206461958, guid: 569d6da3692aa4c52814451a313b2732,
        type: 3}
      propertyPath: connectedTo.Array.data[18].indexOfConnection
      value: -1
      objectReference: {fileID: 0}
    - target: {fileID: 425670059206461958, guid: 569d6da3692aa4c52814451a313b2732,
        type: 3}
      propertyPath: connected.Array.data[1]
      value: 6
      objectReference: {fileID: 0}
    - target: {fileID: 425670059206461958, guid: 569d6da3692aa4c52814451a313b2732,
        type: 3}
      propertyPath: connectedTo.Array.data[16].field
      value: 
      objectReference: {fileID: 0}
    - target: {fileID: 425670059206461958, guid: 569d6da3692aa4c52814451a313b2732,
        type: 3}
      propertyPath: connectedTo.Array.data[16].indexOfConnection
      value: -1
      objectReference: {fileID: 0}
    - target: {fileID: 425670059206461958, guid: 569d6da3692aa4c52814451a313b2732,
        type: 3}
      propertyPath: connectedTo.Array.data[8].field
      value: 
      objectReference: {fileID: 5294726458216001650}
    - target: {fileID: 425670059206461958, guid: 569d6da3692aa4c52814451a313b2732,
        type: 3}
      propertyPath: connectedTo.Array.data[8].indexOfConnection
      value: 18
      objectReference: {fileID: 0}
    - target: {fileID: 425670059206461958, guid: 569d6da3692aa4c52814451a313b2732,
        type: 3}
      propertyPath: connectedTo.Array.data[6].field
      value: 
      objectReference: {fileID: 5294726458216001650}
    - target: {fileID: 425670059206461958, guid: 569d6da3692aa4c52814451a313b2732,
        type: 3}
      propertyPath: connectedTo.Array.data[6].indexOfConnection
      value: 16
      objectReference: {fileID: 0}
    - target: {fileID: 1001764359956896701, guid: 569d6da3692aa4c52814451a313b2732,
        type: 3}
      propertyPath: m_LocalPosition.x
      value: -1.199995
      objectReference: {fileID: 0}
    - target: {fileID: 1001764359956896701, guid: 569d6da3692aa4c52814451a313b2732,
        type: 3}
      propertyPath: m_LocalPosition.y
      value: 0.9599999
      objectReference: {fileID: 0}
    - target: {fileID: 1001764359956896701, guid: 569d6da3692aa4c52814451a313b2732,
        type: 3}
      propertyPath: m_LocalPosition.z
      value: 0.39999533
      objectReference: {fileID: 0}
    - target: {fileID: 1001764359956896701, guid: 569d6da3692aa4c52814451a313b2732,
        type: 3}
      propertyPath: m_LocalRotation.x
      value: -0
      objectReference: {fileID: 0}
    - target: {fileID: 1001764359956896701, guid: 569d6da3692aa4c52814451a313b2732,
        type: 3}
      propertyPath: m_LocalRotation.y
      value: -0.7071068
      objectReference: {fileID: 0}
    - target: {fileID: 1001764359956896701, guid: 569d6da3692aa4c52814451a313b2732,
        type: 3}
      propertyPath: m_LocalRotation.z
      value: -0
      objectReference: {fileID: 0}
    - target: {fileID: 1001764359956896701, guid: 569d6da3692aa4c52814451a313b2732,
        type: 3}
      propertyPath: m_LocalRotation.w
      value: 0.7071068
      objectReference: {fileID: 0}
    - target: {fileID: 1001764359956896701, guid: 569d6da3692aa4c52814451a313b2732,
        type: 3}
      propertyPath: m_RootOrder
      value: 1
      objectReference: {fileID: 0}
    - target: {fileID: 1001764359956896701, guid: 569d6da3692aa4c52814451a313b2732,
        type: 3}
      propertyPath: m_LocalEulerAnglesHint.x
      value: 0
      objectReference: {fileID: 0}
    - target: {fileID: 1001764359956896701, guid: 569d6da3692aa4c52814451a313b2732,
        type: 3}
      propertyPath: m_LocalEulerAnglesHint.y
      value: 0
      objectReference: {fileID: 0}
    - target: {fileID: 1001764359956896701, guid: 569d6da3692aa4c52814451a313b2732,
        type: 3}
      propertyPath: m_LocalEulerAnglesHint.z
      value: 0
      objectReference: {fileID: 0}
    - target: {fileID: 3070617612071739192, guid: 569d6da3692aa4c52814451a313b2732,
        type: 3}
      propertyPath: m_Effect
      value: 
      objectReference: {fileID: 6495044552919392668, guid: 584e5f9fc9e264b4b92a8cace50e0b0f,
        type: 3}
    - target: {fileID: 3070617612071739192, guid: 569d6da3692aa4c52814451a313b2732,
        type: 3}
      propertyPath: m_Audio
      value: 
      objectReference: {fileID: 0}
    - target: {fileID: 3070617612071739192, guid: 569d6da3692aa4c52814451a313b2732,
        type: 3}
      propertyPath: m_AudioVolume
      value: 0
      objectReference: {fileID: 0}
    - target: {fileID: 5952549877573738461, guid: 569d6da3692aa4c52814451a313b2732,
        type: 3}
      propertyPath: m_Name
      value: Hazard
      objectReference: {fileID: 0}
    - target: {fileID: 6245025638006597415, guid: 569d6da3692aa4c52814451a313b2732,
        type: 3}
      propertyPath: m_LocalPosition.x
      value: 0.39999962
      objectReference: {fileID: 0}
    - target: {fileID: 6939046111529698964, guid: 569d6da3692aa4c52814451a313b2732,
        type: 3}
      propertyPath: m_LocalPosition.x
      value: 0.40000153
      objectReference: {fileID: 0}
    - target: {fileID: 6939046111529698964, guid: 569d6da3692aa4c52814451a313b2732,
        type: 3}
      propertyPath: m_LocalPosition.y
      value: -7.979728e-17
      objectReference: {fileID: 0}
    - target: {fileID: 6939046111529698964, guid: 569d6da3692aa4c52814451a313b2732,
        type: 3}
      propertyPath: m_LocalPosition.z
      value: -1.1999998
      objectReference: {fileID: 0}
    m_RemovedComponents: []
  m_SourcePrefab: {fileID: 100100000, guid: 569d6da3692aa4c52814451a313b2732, type: 3}
--- !u!4 &2686823336276980958 stripped
Transform:
  m_CorrespondingSourceObject: {fileID: 1001764359956896701, guid: 569d6da3692aa4c52814451a313b2732,
    type: 3}
  m_PrefabInstance: {fileID: 2931694882326343523}
  m_PrefabAsset: {fileID: 0}
--- !u!114 &3262629642525287781 stripped
MonoBehaviour:
  m_CorrespondingSourceObject: {fileID: 425670059206461958, guid: 569d6da3692aa4c52814451a313b2732,
    type: 3}
  m_PrefabInstance: {fileID: 2931694882326343523}
  m_PrefabAsset: {fileID: 0}
  m_GameObject: {fileID: 0}
  m_Enabled: 1
  m_EditorHideFlags: 0
  m_Script: {fileID: 11500000, guid: 616267e32080e4b8dac3ff19dbc8c958, type: 3}
  m_Name: 
  m_EditorClassIdentifier: 
